Map: Acropolis LE

Players

susanoo

  • Race: Zerg Zerg
  • League: Diamond
  • Spawn Location: 11:00

A.I. 1 (Very Easy) - Winner!

  • Race: Terran Terran
  • Spawn Location: 5:00

VOD

Have the link to the VOD?

Description

Time

  • Played on: July 8, 2019, 3:52 a.m.
  • Length: 6:34
Show
View Real Time Build Order
Export as new Build Order

susanoo Zerg 

Build Orders: Pool First 

Get SALT Encoding   

  12  0:01  Drone  
  13  0:13  Overlord  
  13  0:16  Drone  
  14  0:31  Drone x2  
  14  0:34  Drone  
  17  0:46  Spawning Pool  
  17  0:48  Drone  
  17  0:56  Drone  
  18  1:12  Hatchery  
  18  1:14  Extractor  
  18  1:17  Drone  
  17  1:20  Drone  
  18  1:28  Drone  
  19  1:35  Queen  
  21  1:40  Zergling x2  
  22  1:50  Overlord  
  22  2:08  Drone  
  23  2:10  Queen  
  23  2:11  Drone  
  26  2:23  Drone  
  26  2:24  Queen  
  26  2:25  Drone  
  30  2:32  Drone  
  30  2:34  Overlord  
  31  2:42  Drone  
  31  2:43  Drone  
  34  2:44  Drone  
  34  2:46  Drone  
  35  2:52  Queen  
  35  2:53  Drone  
  35  2:56  Drone  
  35  2:57  Overlord  
  39  3:06  Drone  
  39  3:08  Drone  
  41  3:18  Drone x3  
  41  3:19  Drone x2  
  46  3:30  Lair, Drone x2  
  46  3:33  Extractor, Drone x2  
  46  3:34  Extractor, Drone  
  49  3:44  Drone, Roach Warren, Evolution Chamber  
  49  3:45  Drone  
  49  3:46  Evolution Chamber  
  47  3:50  Overlord  
  47  3:52  Drone  
  48  4:01  Drone  
  49  4:03  Drone, Overlord x2  
  50  4:11  Zerg Missile Weapons Level 1  
  50  4:12  Zerg Ground Armor Level 1  
  60  4:24  Roach x5  
  60  4:27  Roach  
  62  4:32  Glial Reconstitution  
  62  4:36  Roach x2  
  66  4:39  Roach  
  66  4:40  Roach  
  66  4:43  Overlord  
  66  4:44  Overlord  
  70  4:57  Roach, Hatchery  
  70  4:59  Roach  
  73  5:03  Roach  
  73  5:04  Roach  
  73  5:06  Roach  
  79  5:12  Roach x2  
  83  5:14  Roach  
  83  5:16  Roach  
  87  5:28  Roach x2  
  91  5:33  Overlord  
  91  5:39  Overlord  
  91  5:51  Roach  
  91  5:52  Roach x3  
  91  5:53  Overlord x2  
  101  6:10  Roach x4  
  101  6:11  Roach x2  
  113  6:12  Overlord  
Show
View Real Time Build Order
Export as new Build Order

A.I. 1 (Very Easy) Terran - Winner!

Build Orders:  

Get SALT Encoding   

  12  0:00  SCV  
  13  0:13  SCV  
  14  0:17  Supply Depot  
  14  0:37  Refinery  
  14  0:43  Barracks  
  14  1:05  Supply Depot  
  14  1:13  Refinery  
  14  1:30  Marine  
  14  1:31  Orbital Command  
  15  1:49  Barracks Tech Lab  
  15  1:57  SCV  
  16  2:09  SCV  
  17  2:19  Marine  
  17  2:21  SCV  
  19  2:33  SCV  
  20  2:45  SCV  
  21  2:58  SCV  
  22  3:08  Marauder  
  24  4:51  SCV  
  24  5:34  Marine  
  25  5:37  Supply Depot  
  21  5:53  SCV  
  19  6:05  SCV  
  16  6:17  SCV  
  4  6:25  Supply Depot  
Tags
 
League
Diamond
Matchup
TvZ
Opening
Pool First
Spawn Locations
Cross Positions
Add a new tag
Caveats
  • Supply blocks, unpowered buildings, or Contaminate may cause inaccurate times.
  • Supply counts are checked every 10 seconds.